 Dungeon Crawl Stone Soup version 0.29-a0-380-gf50f0a9fbc (webtiles) character file.

Game seed: 5070230352519762408

9645 ytrimaz the Grappler (level 11, -5/120 (126) HPs)
             Began as a Demonspawn Berserker on May 5, 2022.
             Was an Elder of Trog.
             Slain by a soul eater (14 damage)
             ... in a Gauntlet.
             The game lasted 00:14:19 (12896 turns).

ytrimaz the Grappler (Demonspawn Berserker)        Turns: 12896, Time: 00:14:20

HP:   -5/120 (126)  AC: 29    Str: 21    XL:     11   Next: 25%
MP:   11/11         EV:  2    Int:  9    God:    Trog [****..]
Gold: 692           SH:  0    Dex: 15    Spells: 10/10 levels left

rFire   . . .      SeeInvis .     - Unarmed
rCold   + . .      Faith    .   (no shield)
rNeg    . . .      Spirit   .   (body armour currently unavailable)
rPois   +          Reflect  .   (helmet currently unavailable)
rElec   .          Harm     .   (cloak currently unavailable)
rCorr   .          Rampage  .   (gloves currently unavailable)
Will    .....      NoTele   +   (boots currently unavailable)
Stlth   +.........              (no amulet)
HPRegen 0.30/turn               C - ring "Jotsaur" {+Blink rPois rC+ Dex+2}
MPRegen 0.12/turn               y - +4 ring of protection

@: mighty, tree-form, on berserk cooldown, hasted and slowed, lightly drained
A: stationary, stasis, torment immunity, boosted hp, (claws 2), (thin metallic
scales 1), ignite blood 2
a: Renounce Religion, Evoke Blink, Berserk, Trog's Hand, Brothers in Arms


You were in a Gauntlet.
You worshipped Trog.
Trog was greatly pleased with you.
You were a tree.
You visited 1 branch of the dungeon, and saw 11 of its levels.
You also visited: Gauntlet.

You collected 692 gold pieces.

Inventory:

Armour
 b - a +1 helmet (melded)
 j - the +2 scale mail of Xoxzypua (melded) {rF+}
   (You found it on level 4 of the Dungeon)

   rF:        It protects you from fire.
 l - a +0 pair of boots (melded)
 m - a +0 cloak (melded)
 s - a +0 plate armour
Jewellery
 r - a ring of flight
 t - a ring of poison resistance
 v - a +6 ring of strength
 y - a +4 ring of protection (right branch)
 C - the ring "Jotsaur" (left branch) {+Blink rPois rC+ Dex+2}
   (You found it in a Gauntlet)

   [ring of protection from cold]

   Dex:       It affects your dexterity (+2).
   rC:        It protects you from cold.
   rPois:     It protects you from poison.
   +Blink:    It lets you blink.
Wands
 e - a wand of digging (6)
 h - a wand of iceblast (14)
 z - a wand of charming (6)
Scrolls
 d - a scroll of immolation
 g - a scroll of identify
 i - 5 scrolls of teleportation
 k - 2 scrolls of brand weapon
 n - a scroll of blinking
 p - 3 scrolls of enchant armour
 u - 3 scrolls of poison
 x - a scroll of summoning
 A - a scroll of fog {unknown}
Potions
 a - 2 potions of ambrosia
 c - a potion of mutation
 f - a potion of might
 o - a potion of flight
 q - 4 potions of attraction
 B - a potion of lignification


   Skills:
 + Level 7.2 Fighting
 - Level 4.1 Polearms
 + Level 9.2 Armour
 + Level 6.9 Dodging
 * Level 9.7 Unarmed Combat


You had 10 spell levels left.
You didn't know any spells.
Your spell library was empty.

Dungeon Overview and Level Annotations

Branches:
Dungeon (11/15)            Temple (0/1) D:7            Lair (0/6) D:10
Gauntlet (1/1)
    Orc: D:9-12

Altars:
Cheibriados
Dithmenos
Elyvilon
Fedhas
Gozag
Hepliaklqana
Makhleb
Nemelex Xobeh
Sif Muna
Uskayaw
Wu Jian
Xom
Yredelemnul
Zin
The Shining One

Shops:
D:4 :   D:5 :

Annotations:
D:4 3 runed translucent doors, Chaicat's ghost, amateur DsMo Gauntlet 11 transporters


Innate Abilities, Weirdness & Mutations

You are a tree.
Your roots penetrate the ground, keeping you stationary.
You cannot be teleported.
You are immune to unholy pain and torment.
Your maximum health is greatly increased.
Your equipment is partially melded.
((You have very sharp fingernails.))
((You are partially covered in thin metallic scales. (AC +2)))
Your demonic aura often causes spilled blood to erupt in flames.


Message History

The soul eater draws from the surrounding life force!
* * * LOW HITPOINT WARNING * * *
The soul eater is healed.
The shadow imp hits you but does no damage.
The soul eater draws from the surrounding life force!
* * * LOW HITPOINT WARNING * * *
The soul eater is healed.
You hit the soul eater but do no damage.
The soul eater is lightly wounded.
The shadow imp barely misses you. The soul eater hits you.
* * * LOW HITPOINT WARNING * * *
Unknown command.
Unknown command.
You are confused.
You feel invigorated.
The shadow imp hits you but does no damage.
The soul eater hits you.
* * * LOW HITPOINT WARNING * * *
You feel drained.
Unknown command.
You feel very mighty all of a sudden.
You feel less invigorated.
You feel less confused. The shadow imp completely misses you.
The soul eater hits you but does no damage.
The soul eater hits you!
* * * LOW HITPOINT WARNING * * *
You feel drained.
* * * LOW HITPOINT WARNING * * *
The shadow imp hits you.
* * * LOW HITPOINT WARNING * * *
You smack the soul eater!
The soul eater is moderately wounded.
The shadow imp barely misses you.
The soul eater hits you but does no damage.
Unknown command.
You feel yourself speed up.
The shadow imp hits you but does no damage.
The soul eater hits you!
You die...

#≈....§....#...!©.=..#........
###...§§...#...#.#...#........
#≈#≈#§#..#....#....#..#≈#≈#≈
#######..#.#..#..#.#..######
#§..#.#######.#..≈#
#######..#.#.©#..#.#..######
#≈#§#≈#..#....#....#..#≈#≈#§
###........#..3###...#.....§..
#≈.........#.♣5......#........
###§.#########################.
#≈...#...........©...........#.
###...#.©.........©.........©.#.
#≈..############################
##..#...©[53#.#xxxxXx.#.#..)©.#.
#≈..#.#.#.#5#.#.###X..#.#.##..#.
##..#..P....#.#.###^..#.##..##..
#≈..#.#.©.#.#.#.###.^.#.##..©..#


You could see 2 soul eaters, 2 large abominations, 5 small abominations and 3
shadow imps.

Vanquished Creatures
  A two-headed ogre (D:8)
  Urug (D:11)
  Sonja (D:11)
  An unseen horror (D:10)
  Maggie (D:7)
  A raiju (Gauntlet)
  4 wyverns
  11 yaks
  2 basilisks (D:10)
  Grum (D:8)
  3 steam dragons
  A water moccasin (D:9)
  An orc warrior (D:8)
  An ice beast (D:5)
  2 black bears
  2 ogres (D:6)
  4 wolves (D:8)
  6 centaurs
  3 kobold brigands
  A necrophage (D:5)
  A bullfrog (D:9)
  4 scorpions
  A gnoll sergeant (D:8)
  6 wights
  14 killer bees
  8 howler monkeys
  4 jellies
  3 orc priests (D:8)
  2 iguanas (D:5)
  8 orc wizards
  Robin (D:3)
  15 gnolls
  12 adders
  3 shadow imps
  A white imp (D:8)
  4 ufetubi (D:6)
  2 worms
  A dart slug (D:2)
  30 orcs
  5 endoplasms
  3 giant cockroaches
  18 goblins
  4 hobgoblins
  10 jackals
  2 quokkas (D:2)
  10 ball pythons
  9 bats
  5 frilled lizards
  23 kobolds
  3 rats
260 creatures vanquished.

Vanquished Creatures (collateral kills)
  2 wights (D:6)
2 creatures vanquished.

Vanquished Creatures (others)
  A withered plant (Gauntlet)
1 creature vanquished.

Grand Total: 263 creatures vanquished

Notes
Turn   | Place    | Note
-------+----------+-------------------------------------------
     0 | D:1      | ytrimaz the Demonspawn Berserker began the quest for the
                  | Orb.
     0 | D:1      | Reached XP level 1. HP: 18/18 MP: 1/1
   169 | D:1      | Gained mutation: Your demonic aura sometimes causes spilled
                  | blood to erupt in flames. [demonic ancestry]
   169 | D:1      | Reached XP level 2. HP: 24/24 MP: 2/2
   384 | D:1      | Reached ** piety under Trog
   863 | D:2      | Reached XP level 3. HP: 26/29 MP: 3/3
  1394 | D:2      | Gained mutation: Your demonic aura often causes spilled
                  | blood to erupt in flames. [demonic ancestry]
  1394 | D:2      | Reached XP level 4. HP: 32/36 MP: 4/4
  1541 | D:3      | Noticed Robin
  1553 | D:3      | Killed Robin
  1850 | D:3      | Reached *** piety under Trog
  2213 | D:3      | Found a faded altar of an unknown god.
  2239 | D:3      | Gained mutation: You have sharp fingernails. [demonic
                  | ancestry]
  2239 | D:3      | Reached XP level 5. HP: 36/42 MP: 5/5
  2659 | D:4      | Found Buomif's Self-Improvement Boutique.
  2675 | D:4      | Identified the +2 scale mail of Xoxzypua {rF+}
  2899 | D:4      | Found a runed translucent gate.
  2899 | D:4      | Found a runed translucent gate.
  2899 | D:4      | Found a runed translucent gate.
  2899 | D:4      | Noticed Chaicat's ghost (amateur DsMo)
  2928 | D:4      | Reached skill level 1 in Unarmed Combat
  3010 | D:4      | Gained mutation: You have very sharp fingernails. [demonic
                  | ancestry]
  3010 | D:4      | Reached XP level 6. HP: 35/48 MP: 6/6
  3231 | D:4      | Found a shimmering altar of Xom.
  3231 | D:4      | Found a hide-covered altar of Uskayaw.
  3249 | D:4      | Found a blossoming altar of Fedhas.
  3252 | D:4      | Found a burning altar of Makhleb.
  3417 | D:5      | Entered Level 5 of the Dungeon
  3417 | D:5      | Noticed an ice beast
  3448 | D:5      | Killed an ice beast
  3477 | D:5      | Identified the +1 leather armour "Henwizia" {Int+2}
  3930 | D:5      | Reached XP level 7. HP: 39/55 MP: 7/7
  4033 | D:5      | Found an opulent altar of Gozag.
  4226 | D:5      | Found Pemavaq's Book Boutique.
  4708 | D:6      | Found a sparkling altar of Nemelex Xobeh.
  4755 | D:6      | Reached **** piety under Trog
  4765 | D:6      | Reached skill level 5 in Armour
  5138 | D:6      | Reached skill level 5 in Fighting
  5138 | D:6      | Reached XP level 8. HP: 53/62 MP: 8/8
  5236 | D:6      | Found a snail-covered altar of Cheibriados.
  5604 | D:6      | Found an ornate altar of the Wu Jian Council.
  6577 | D:7      | Found a hazy altar of Hepliaklqana.
  6644 | D:7      | Found a staircase to the Ecumenical Temple.
  6858 | D:7      | Noticed Maggie
  6877 | D:7      | Killed Maggie
  7282 | D:6      | HP: 1/51 [wight/+2 falchion (4)]
  7696 | D:7      | Reached skill level 5 in Dodging
  7696 | D:7      | Gained mutation: You are partially covered in thin metallic
                  | scales. (AC +2) [demonic ancestry]
  7696 | D:7      | Reached XP level 9. HP: 62/62 MP: 9/9
  7714 | D:7      | Found a shadowy altar of Dithmenos.
  7845 | D:7      | You fall into a shaft and drop 1 floor!
  8217 | D:8      | Noticed Grum
  8224 | D:8      | Killed Grum
  8227 | D:8      | Reached skill level 5 in Unarmed Combat
  8791 | D:8      | Noticed a two-headed ogre
  8796 | D:8      | Killed a two-headed ogre
  8797 | D:8      | Reached XP level 10. HP: 34/77 MP: 10/10
  9621 | D:9      | Found a snail-covered altar of Cheibriados.
 10048 | D:9      | Found a basalt altar of Yredelemnul.
 10539 | D:9      | Found a sparkling altar of Nemelex Xobeh.
 11010 | D:9      | Found a shimmering blue altar of Sif Muna.
 11061 | D:10     | Entered Level 10 of the Dungeon
 11066 | D:10     | Reached ***** piety under Trog
 11899 | D:10     | Reached XP level 11. HP: 83/84 MP: 11/11
 11960 | D:10     | Found a staircase to the Lair.
 12175 | D:11     | Noticed Sonja
 12180 | D:11     | Killed Sonja
 12199 | D:11     | Noticed Urug
 12471 | D:11     | Killed Urug
 12489 | D:11     | Found a gate leading to a gauntlet.
 12500 | Gauntlet | Entered a Gauntlet
 12500 | Gauntlet | Noticed a large abomination
 12500 | Gauntlet | Found a transporter.
 12500 | Gauntlet | Found a transporter.
 12512 | Gauntlet | Found a transporter.
 12529 | Gauntlet | Found a transporter.
 12529 | Gauntlet | Found a transporter.
 12529 | Gauntlet | Found a transporter.
 12531 | Gauntlet | Found a transporter.
 12531 | Gauntlet | Found a transporter.
 12533 | Gauntlet | Noticed a hell hog
 12542 | Gauntlet | Noticed a quicksilver ooze
 12543 | Gauntlet | Found a transporter.
 12559 | Gauntlet | Found a transporter.
 12568 | Gauntlet | Noticed a balrug
 12569 | Gauntlet | Found a transporter.
 12583 | Gauntlet | Found a transporter.
 12602 | Gauntlet | Found a transporter.
 12605 | Gauntlet | Noticed a soul eater
 12614 | Gauntlet | Found a transporter.
 12767 | Gauntlet | Noticed a soul eater
 12812 | Gauntlet | Identified the ring "Jotsaur" {+Blink rPois rC+ Dex+2}
 12892 | Gauntlet | HP: 5/126 [soul eater (4)]
 12896 | Gauntlet | Slain by a soul eater

Illustrated notes

Levels and vault maps discovered:
D:1:      sevenhm_arrival_forest_fort_large_1, layout_rooms
D:2:      layout_rooms
D:3:      layout_loops_ring, shapermc_ecumenical_altar_rom_forum, uniq_robin
D:4:      layout_cave_pools, minmay_overflow_temple_star_hex,
          ebering_ghost_rock_garden, nicolae_shop_self_help
D:5:      layout_cave_pools, overflow_temple_1_default, serial_column_ruins,
          column_ruins_corridor_straight, column_ruins_grid_1,
          column_ruins_open_medium, column_ruins_grid_1,
          column_ruins_open_small, column_ruins_columns_straight,
          kennysheep_windowed_goal
D:6:      layout_gridville, nicolae_wu_jian_immortal_techniques,
          kennysheep_mini_moat, hangedman_feature_mirror
D:7:      layout_rooms, worldfamousw_hep_ancestral_shrine,
          nicolae_dithmenos_the_darkroom, minmay_temple_entry_grid,
          roderic_serpentine_path, minmay_holes, uniq_maggie
D:8:      layout_basic, uniq_grum
D:9:      layout_cave_pods, nicolae_overflow_crystal_walls,
          nicolae_sif_muna_little_library, grunt_temple_overflow_open,
          mainiacjoe_overflow_alcove_1
D:10:     layout_roguey, erik_lair_dragon
D:11:     layout_loops_ring, gauntlet_entry_generic, minmay_three_doors,
          uniq_urug, uniq_sonja
Gauntlet: gammafunk_gauntlet_mixed_choke_point
          [minmay_gauntlet_arena_77_squiggly,
          minmay_gauntlet_arena_77_block_sizes, minmay_gauntlet_arena_77_museum,
          nicolae_gauntlet_arena_t_cross, minmay_gauntlet_arena_77_mirror,
          minmay_gauntlet_arena_77_p_blocks, minmay_gauntlet_arena_77_two_lines,
          gauntlet_exit_hidden_loot]

Skill      XL: |  1  2  3  4  5  6  7  8  9 10 11 |
---------------+----------------------------------+-----
Polearms       | 3 4 |  4.1
Armour         | 2 3 4 5 6 7 8 9 |  9.2
Dodging        | 2 3 5 6 |  6.9
Fighting       | 4 5 6 7 |  7.2
Unarmed Combat | 1 2 3 4 6 9 |  9.7

Action                   |  1- 3 |  4- 6 |  7- 9 | 10-12 || total
-------------------------+-------+-------+-------+-------++-------
Melee: Spear             |   150 |   301 |   468 |       ||   919
       Punch             |     1 |     4 |     8 |    11 ||    24
       Unarmed           |       |       |    70 |   232 ||   302
Throw: Throwing net      |       |       |     2 |       ||     2
Invok: Trog's Hand       |       |       |     3 |     4 ||     7
       Berserk           |       |       |     3 |     3 ||     6
       Brothers in Arms  |       |       |     1 |       ||     1
  Use: Scroll            |     3 |     9 |     5 |     4 ||    21
       Potion            |     1 |     2 |     3 |     4 ||    10
Armor: Scale mail        |    87 |   195 |   381 |   194 ||   857
       Animal skin       |     1 |       |       |       ||     1
       Skin              |       |     2 |    20 |     7 ||    29
Dodge: Dodged            |   111 |   139 |   408 |   185 ||   843

Table legend: (Time is in decaauts)
 A = Elapsed time spent in this place.
 B = Non-inter-level travel time spent in this place.
 C = Inter-level travel time spent in this place.
 D = Time resting spent in this place.
 E = Time spent auto-exploring this place.
 F = Levels seen in this place.
 G = Mean time per level.
                   A        B        C        D        E       F      G
               +--------+--------+--------+--------+--------+-----+--------+
         Total |  12806 |  12555 |    251 |   1725 |   8429 |  12 | 1067.2 |
       Dungeon |  12408 |  12157 |    251 |   1701 |   8310 |  11 | 1128.0 |
      Gauntlet |    398 |    398 |      0 |     24 |    119 |   1 |  398.0 |
               +--------+--------+--------+--------+--------+-----+--------+

Top non-repeatable levels by time:
     D:6: 1950 daAuts
     D:8: 1764 daAuts
     D:9: 1434 daAuts
    D:10: 1360 daAuts
     D:7: 1239 daAuts
     D:4: 1108 daAuts
     D:3: 1012 daAuts
     D:5: 950 daAuts
     D:1: 854 daAuts
     D:2: 660 daAuts
Gauntlet: 398 daAuts
    D:11: 73 daAuts
